 Dungeon Crawl Stone Soup version 0.18.1-8-gdd0e5ea (webtiles) character file.

566 Wooh the Covered (level 7, -4/45 HPs)
             Began as a Halfling Fighter on May 21, 2016.
             Was an Initiate of Nemelex Xobeh.
             Killed from afar by an orc wizard (10 damage)
             ... with a puff of flame
             ... on level 5 of the Dungeon.
             The game lasted 00:14:16 (4667 turns).

Wooh the Covered (Halfling Fighter)                 Turns: 4667, Time: 00:14:18

Health: -4/45      AC:  7    Str: 16    XL:     7   Next: 59%
Magic:  7/7        EV: 13    Int:  7    God:    Nemelex Xobeh [......]
Gold:   257        SH:  8    Dex: 16    Spells: 0 memorised, 6 levels left

rFire  . . .     SeeInvis .     a - +1 long sword
rCold  . . .     Gourm    .     b - +0 scale mail
rNeg   . . .     Faith    .     l - +2 buckler
rPois  .         Spirit   .     (no helmet)
rElec  .         Dismiss  .     (no cloak)
rCorr  .         Reflect  .     (no gloves)
SustAt .         Harm     .     (no boots)
MR     +....                    (no amulet)
Stlth  ..........               (no ring)
                                u - ring of protection from magic

@: somewhat resistant to hostile enchantments, extremely unstealthy
A: mutation resistance 1
a: Renounce Religion


You were on level 5 of the Dungeon.
You worshipped Nemelex Xobeh.
Nemelex Xobeh was noncommittal.
You were not hungry.

You visited 1 branch of the dungeon, and saw 5 of its levels.

You collected 257 gold pieces.

Inventory:

Hand Weapons
 a - a +1 long sword (weapon)
Missiles
 e - 25 poisoned needles
 s - 6 curare-tipped needles
 t - 10 arrows
Armour
 b - a +0 scale mail (worn)
 l - a +2 buckler (worn)
Jewellery
 u - a ring of protection from magic (left hand)
Scrolls
 q - 2 scrolls of remove curse
Potions
 d - a potion of might
 g - 2 potions of brilliance {unknown}
 n - 2 potions of curing {unknown}
 p - a potion of agility {unknown}
 v - a potion of invisibility {unknown}
Comestibles
 f - 3 bread rations
 h - 2 beef jerkies
 m - 3 meat rations
 w - a slice of pizza


   Skills:
 - Level 2.6 Fighting
 - Level 5.1 Long Blades
 - Level 5.8 Armour
 + Level 4.0 Dodging
 - Level 3.2 Shields


You had 6 spell levels left.
You didn't know any spells.

Dungeon Overview and Level Annotations

Branches:
Dungeon (5/15)
 Temple: D:4-7

Altars:
Ashenzari
Nemelex Xobeh
Pakellas
Sif Muna
Vehumet

Annotations:
D:3 herpmino's ghost, weakling VSGl


Innate Abilities, Weirdness & Mutations

You are small and have problems with some larger weapons.
You are somewhat resistant to further mutation.


Message History

You closely miss the orc wizard. The orc wizard closely misses you.
The orc wizard gestures at you while chanting.
The puff of flame hits you!
* * * LOW HITPOINT WARNING * * *
You hit the orc wizard.
The orc wizard is moderately wounded.
The orc wizard closely misses you.
You hit the orc wizard but do no damage.
The orc wizard is moderately wounded.
You block the orc wizard's attack.
The orc wizard gestures at you while chanting.
The magic dart hits you!
* * * LOW HITPOINT WARNING * * *
You slash the orc wizard!
The orc wizard is almost dead.
The orc wizard closely misses you.
The orc wizard gestures at you while chanting.
The puff of flame hits you!
You die...
Your body disappears without a glow.

###########
#....#....## #
#.{.##..## ##.
####o####..# #..
#..#)#@.##o#
#..##....o).##.######
...##.._..##.......#
#..##...##....o...#
#..##.##..#......#
#...###..##......o%
#.......#####.#....
#.##.#### .#(...
...##.# .# ...


You could see an orc wizard.

Vanquished Creatures
  A sky beast (D:5)
  A water moccasin skeleton (D:4)
  A hound (D:3)
  3 orc priests
  A centaur skeleton (D:4)
  4 orc wizards
  A worker ant (D:4)
  3 adders
  A shadow imp (D:4)
  2 dart slugs
  A worm (D:2)
  A giant gecko (D:2)
  14 orcs
  A ball python (D:4)
  6 bats
  A giant cockroach (D:1)
  9 goblins
  12 hobgoblins
  2 jackals (D:3)
  9 kobolds
  6 quokkas
  A giant gecko skeleton (D:4)
  4 giant newts
  12 rats
  A plant (D:2)
98 creatures vanquished.

Vanquished Creatures (others)
  3 orcs (D:3)
  A giant cockroach (D:3)
  A giant newt (D:3)
5 creatures vanquished.

Grand Total: 103 creatures vanquished

Notes
Turn   | Place    | Note
--------------------------------------------------------------
     0 | D:1      | Wooh the Halfling Fighter began the quest for the Orb.
     0 | D:1      | Reached XP level 1. HP: 15/15 MP: 1/1
    83 | D:1      | Reached XP level 2. HP: 14/20 MP: 2/2
   616 | D:2      | Reached XP level 3. HP: 25/25 MP: 3/3
  1135 | D:2      | Found a deep blue altar of Sif Muna.
  1332 | D:2      | Found a radiant altar of Vehumet.
  1755 | D:3      | Noticed herpmino's ghost (weakling VSGl)
  1773 | D:3      | Found an oddly glowing altar of Pakellas.
  1829 | D:2      | Reached skill level 5 in Armour
  2081 | D:3      | Reached XP level 4. HP: 28/30 MP: 4/4
  2163 | D:3      | Reached XP level 5. HP: 17/35 MP: 5/5
  3006 | D:4      | Reached XP level 6. HP: 16/41 MP: 6/6
  3370 | D:4      | Found a shattered altar of Ashenzari.
  3762 | D:4      | Reached skill level 5 in Long Blades
  3898 | D:4      | Reached skill level 1 in Dodging
  3898 | D:4      | Reached XP level 7. HP: 30/45 MP: 7/7
  4377 | D:5      | Entered Level 5 of the Dungeon
  4627 | D:5      | Found a sparkling altar of Nemelex Xobeh.
  4631 | D:5      | Became a worshipper of Nemelex Xobeh the Trickster
  4667 | D:5      | Killed from afar by an orc wizard

Skill      XL: |  1  2  3  4  5  6  7 |
---------------+----------------------+-----
Armour         | 4 5 |  5.8
Long Blades    | 4 5 |  5.1
Dodging        | 1 4 |  4.0
Fighting       | |  2.6
Shields        | |  3.2

Action                   |  1- 3 |  4- 6 |  7- 9 || total
-------------------------+-------+-------+-------++-------
Melee: Long sword        |   167 |   199 |    67 ||   433
  Use: Scroll            |       |       |     7 ||     7
  Eat: Chunk             |     4 |     5 |     4 ||    13
Armor: Scale mail        |    47 |    53 |    27 ||   127
Dodge: Dodged            |    58 |    86 |    34 ||   178
Block: Shield            |    29 |       |       ||    29
       Buckler           |    36 |    78 |    28 ||   142
